 Dungeon Crawl Stone Soup version 0.28-a0-1199-gef9e1dbd39 (webtiles) character file.

Game seed: 5836209490887426451

968 Peloso the Covered (level 7, 0/62 HPs)
             Began as a Minotaur Fighter on Dec 19, 2021.
             Slain by an iguana (7 damage)
             ... on level 4 of the Dungeon.
             The game lasted 00:04:36 (4508 turns).

Peloso the Covered (Minotaur Fighter)               Turns: 4508, Time: 00:04:37

Health: 0/62       AC: 13    Str: 26    XL:     7   Next: 93%
Magic:  6/6        EV:  8    Int:  5    God:
Gold:   129        SH:  5    Dex: 12    Spells: 6/6 levels left

rFire   . . .      SeeInvis .   a - +0 long sword
rCold   . . .      Faith    +   c - +0 buckler
rNeg    . . .      Spirit   .   s - +0 plate armour
rPois   .          Reflect  .   (helmet restricted)
rElec   .          Harm     .   (no cloak)
rCorr   .          Rampage  .   (no gloves)
Will    .....                   (no boots)
Stlth   ..........              g - amulet of faith
HPRegen 0.20/turn               e - +4 ring of slaying
MPRegen 0.10/turn               p - +6 ring of strength

@: no status effects
A: horns 2, retaliatory headbutt
a: no special abilities


You were on level 4 of the Dungeon.
You visited 1 branch of the dungeon, and saw 5 of its levels.

You collected 129 gold pieces.

Inventory:

Hand Weapons
 a - a +0 long sword (weapon)
 h - a +0 hand crossbow
Missiles
 q - 10 bolts
Armour
 b - a +0 scale mail
 c - a +0 buckler (worn)
 s - a +0 plate armour (worn)
Jewellery
 e - a +4 ring of slaying (left hand)
 g - an amulet of faith (around neck)
 p - a +6 ring of strength (right hand)
Wands
 o - a wand of flame (17)
Scrolls
 f - 3 scrolls of identify {unknown}
 j - a scroll of vulnerability {unknown}
 k - a scroll of enchant armour {unknown}
 l - a scroll of noise {unknown}
 m - a scroll of fog {unknown}
 n - a scroll of teleportation {unknown}
Potions
 d - 3 potions of might
 i - a potion of cancellation
 r - a potion of curing


   Skills:
 + Level 5.7 Fighting
 + Level 6.4 Long Blades
 + Level 7.5 Armour
 + Level 1.6 Dodging
 + Level 1.1 Stealth
 + Level 4.8 Shields


You had 6 spell levels left.
You didn't know any spells.
Your spell library contained the following spells:

 Spells                   Type           Power      Damage    Failure   Level
 Passwall                 Tmut/Erth      0%         N/A       100%        2
 Swiftness                Air            0%         N/A       100%        3


Dungeon Overview and Level Annotations

Branches:
Dungeon (5/15)
 Temple: D:4-7

Altars:


Innate Abilities, Weirdness & Mutations

You have a pair of horns on your head.
You reflexively headbutt those who attack you in melee.


Message History

The ice beast closely misses you.
A gnoll shaman comes into view. It is wielding a +0 whip.
You barely miss the ice beast. Your headbutt misses the ice beast.
The ice beast is heavily wounded.
A hound comes into view.
The ice beast hits you but does no damage.
You completely miss the ice beast. You headbutt the ice beast!
The ice beast is almost dead.
The ice beast hits you. The ice beast freezes you!
* * * LOW HITPOINT WARNING * * *
You slash the ice beast!
You kill the ice beast!
A gnoll comes into view. It is wielding a +0 spear.
The gnoll hits you with a +0 flail!
* * * LOW HITPOINT WARNING * * *
A scorpion comes into view.
You feel better.
A gnoll comes into view. It is wielding a +0 flail.
Found a stone staircase leading down.
A gnoll comes into view. It is wielding a +0 spear.
The scorpion stings you but does no damage.
The scorpion closely misses you. The gnoll hits you but does no damage.
The gnoll hits you from afar with a +0 spear.
* * * LOW HITPOINT WARNING * * *
A gnoll comes into view.
It is wielding a +1 flail of holy wrath.
The gnoll completely misses you. The gnoll hits you but does no damage.
The sentinel's mark upon you fades away.
An iguana comes into view.
The iguana hisses angrily.
There is a stone staircase leading up here.
The iguana bites you but does no damage.
The gnoll barely misses you.
You climb upwards.
There is a stone staircase leading down here.
The gnoll hits you with a +0 flail.
* * * LOW HITPOINT WARNING * * *
The iguana bites you!
You die...

################
..........)....#
.#############.###### .#
#.........## .#
######..........# <##
#).....##.####..#
..####.####.##.####..#####
....<.)# #)...)l>g.......#
.##.#### #..####@##..###.#
.#.#######..####.##..# #.#
.....................###.#
.###############.........#
## #.........#
##)[.......###
#............##
#..........#..### ########
#...............#


You could see an iguana and a gnoll.

Vanquished Creatures
  Edmund (D:4)
  An orc warrior (D:4)
  An ice beast (D:5)
  2 ogres
  A phantom (D:4)
  A scorpion (D:5)
  A water moccasin zombie (D:5)
  A water moccasin skeleton (D:4)
  A centaur skeleton (D:5)
  Jessica (D:2)
  Natasha (thrice) (D:4)
  A howler monkey skeleton (D:5)
  6 adders
  A worm (D:4)
  A dart slug (D:2)
  7 orcs (D:4)
  5 ball pythons
  2 endoplasms
  3 giant cockroaches
  7 goblins
  5 hobgoblins
  9 kobolds
  A quokka (D:4)
  3 bats
  2 frilled lizards
  10 rats
77 creatures vanquished.

Notes
Turn   | Place    | Note
-------+----------+-------------------------------------------
     0 | D:1      | Peloso the Minotaur Fighter began the quest for the Orb.
     0 | D:1      | Reached XP level 1. HP: 19/19 MP: 0/0
   194 | D:1      | Reached XP level 2. HP: 24/27 MP: 1/1
   967 | D:2      | Noticed Jessica
   971 | D:2      | Killed Jessica
   972 | D:2      | Reached skill level 4 in Armour
   972 | D:2      | Reached XP level 3. HP: 5/34 MP: 2/2
  1414 | D:2      | Found a faded altar of an unknown god.
  1437 | D:2      | Reached XP level 4. HP: 22/41 MP: 3/3
  2161 | D:3      | Noticed an ogre
  2168 | D:3      | Killed an ogre
  2169 | D:3      | Reached XP level 5. HP: 12/47 MP: 4/4
  3036 | D:4      | Noticed a phantom
  3039 | D:4      | Killed a phantom
  3040 | D:4      | Reached skill level 5 in Armour
  3040 | D:4      | Reached skill level 1 in Dodging
  3102 | D:4      | Noticed Natasha
  3110 | D:4      | Killed Natasha
  3111 | D:4      | Reached XP level 6. HP: 33/55 MP: 5/5
  3245 | D:4      | Noticed Natasha
  3249 | D:4      | Reached skill level 5 in Long Blades
  3251 | D:4      | Killed Natasha
  3252 | D:4      | Reached skill level 5 in Fighting
  3382 | D:4      | Noticed an orc warrior
  3396 | D:4      | Killed an orc warrior
  3435 | D:4      | Noticed Natasha
  3442 | D:4      | Killed Natasha
  3727 | D:4      | Noticed Edmund
  3742 | D:4      | Killed Edmund
  3743 | D:4      | Reached skill level 1 in Stealth
  3743 | D:4      | Reached XP level 7. HP: 11/61 MP: 6/6
  4212 | D:4      | Reached skill level 6 in Armour
  4306 | D:4      | Identified the +0 ring mail of Starshine {-Tele Rampage
                  | rElec Int-5}
  4463 | D:5      | Entered Level 5 of the Dungeon
  4489 | D:5      | Reached skill level 7 in Armour
  4494 | D:5      | HP: 3/62 [gnoll (7)]
  4508 | D:4      | Slain by an iguana

Illustrated notes

Levels and vault maps discovered:
D:1:      dpeg_chamrin_arrival_tetris, layout_basic, serial_bayou_lagoon_b
D:2:      layout_basic, shapermc_ecumenical_altar_notcrosses,
          minmay_misc_feat_diagonals, uniq_jessica
D:3:      layout_loops_corners
D:4:      layout_loops_ring, minivault_4, uniq_edmund, uniq_natasha
D:5:      layout_loops_ring, serial_shops, shop_coins

Skill      XL: |  1  2  3  4  5  6  7 |
---------------+----------------------+-----
Fighting       | 4 5 |  5.7
Shields        | 4 |  4.8
Armour         | 4 5 7 |  7.5
Long Blades    | 3 4 5 6 |  6.4
Dodging        | 1 |  1.6
Stealth        | 1 |  1.1

Action                   |  1- 3 |  4- 6 |  7- 9 || total
-------------------------+-------+-------+-------++-------
Melee: Long sword        |    58 |    74 |    37 ||   169
       Headbutt          |     7 |    16 |    10 ||    33
  Use: Potion            |       |     2 |     3 ||     5
Armor: Scale mail        |    35 |    21 |       ||    56
       Plate armour      |       |    15 |    21 ||    36
Dodge: Dodged            |    27 |    27 |    20 ||    74
Block: Buckler           |    16 |    16 |     9 ||    41

Table legend: (Time is in decaauts)
 A = Elapsed time spent in this place.
 B = Non-inter-level travel time spent in this place.
 C = Inter-level travel time spent in this place.
 D = Time resting spent in this place.
 E = Time spent auto-exploring this place.
 F = Levels seen in this place.
 G = Mean time per level.
                   A        B        C        D        E       F      G
               +--------+--------+--------+--------+--------+-----+--------+
         Total |   4565 |   4410 |    155 |    538 |   3257 |   5 |  913.0 |
       Dungeon |   4565 |   4410 |    155 |    538 |   3257 |   5 |  913.0 |
               +--------+--------+--------+--------+--------+-----+--------+

Top non-repeatable levels by time:
     D:2: 1284 daAuts
     D:4: 1253 daAuts
     D:3: 1222 daAuts
     D:1: 759 daAuts
     D:5: 45 daAuts
